 Dungeon Crawl Stone Soup version 0.21-a0-278-ga722497 (webtiles) character file.

68 vishdafish the Grave Robber (level 4, 0/31 HPs)
             Began as a Demonspawn Necromancer on Sept 23, 2017.
             Succumbed to an adder's poison
             ... on level 2 of the Dungeon.
             The game lasted 00:04:03 (1480 turns).

vishdafish the Grave Robber (DsNe)                  Turns: 1480, Time: 00:04:04

Health: 0/31       AC:  4    Str: 10    XL:     4   Next: 1%
Magic:  0/8        EV: 12    Int: 16    God:
Gold:   43         SH:  0    Dex: 13    Spells: 7/8 levels left

rFire    . . .     SeeInvis .   e - -1 spear (curse)
rCold    . . .     Gourm    .   (no shield)
rNeg     . . .     Faith    .   a - +0 robe
rPois    .         Spirit   .   (no helmet)
rElec    .         Reflect  .   (no cloak)
rCorr    .         Harm     .   (no gloves)
MR       .....                  (no boots)
Stlth    ++........             (no amulet)
HPRegen  0.10/turn              (no ring)
MPRegen  0.11/turn              (no ring)

@: lethally poisoned (0 -> -6)
A: talons 1, icy blue scales 1, demonic guardian 1
a: no special abilities


You were on level 2 of the Dungeon.
You were not hungry.

You visited 1 branch of the dungeon, and saw 2 of its levels.

You collected 43 gold pieces.

Inventory:

Hand Weapons
 d - a +0 short sword
 e - a cursed -1 spear (weapon)
Armour
 a - a +0 robe (worn)
Scrolls
 h - a scroll of identify {unknown}
 i - 2 scrolls of recharging {unknown}
 j - a scroll of remove curse {unknown}
 k - a scroll of enchant armour {unknown}
 l - a scroll of teleportation {unknown}
Potions
 f - a potion of flight {unknown}
Books
 b - a book of Necromancy

   Spells                             Type                      Level
   a - Pain                           Necromancy                   1
   b - Animate Skeleton               Necromancy                   1
   c - Vampiric Draining              Necromancy                   3
   d - Regeneration                   Charms/Necromancy            3
   e - Animate Dead                   Necromancy                   4
   f - Control Undead                 Necromancy                   4
Comestibles
 c - a bread ration
 g - a royal jelly


   Skills:
 + Level 0.8 Fighting
 + Level 0.6 Short Blades
 + Level 0.6 Polearms
 + Level 1.9 Dodging
 + Level 1.9 Stealth
 + Level 2.6 Spellcasting
 + Level 5.0 Necromancy


You had 7 spell levels left.
You knew the following spells:

 Your Spells              Type           Power        Failure   Level  Hunger
a - Pain                  Necr           ###.         2%          1    #......


Dungeon Overview and Level Annotations

Branches:
Dungeon (2/15)

Altars:


Innate Abilities, Weirdness & Mutations

You have sharp toenails.
You are partially covered in icy blue scales. (AC +2)
A weak demonic guardian rushes to your aid.


Message History

The adder barely resists.
* * * LOW HITPOINT WARNING * * *
You feel sick. The adder bites you but does no damage.
Casting: Pain
Confirm with . or Enter, or press ? or * to list all spells.
Aiming: Pain
Press: ? - help, Shift-Dir - straight line, f/p - adder
Aim: an adder (lightly wounded, chance to defeat MR: 84%)
The adder writhes in agony!
The adder barely misses you.
Casting: Pain
Confirm with . or Enter, or press ? or * to list all spells.
Aiming: Pain
Press: ? - help, Shift-Dir - straight line, f/p - adder
Aim: an adder (severely wounded, chance to defeat MR: 84%)
The adder writhes in agony!
You kill the adder!
You have reached level 4!
You feel stronger.
Your demonic ancestry asserts itself...
You feel the presence of a demonic guardian.
You die...

## .## .. ..
.###### ### #.#
....... #..
##.###.......
#..####.?..........
.........##......%
..........@..# #
#..........# ###.
#.......!..#
#....##÷.<..<....#
.................#
.....##<÷........#
..##..#..........#
#............#
###............


There were no monsters in sight!

Vanquished Creatures
  3 adders
  2 leopard geckos
  2 giant cockroaches (D:1)
  2 goblins (D:1)
  7 hobgoblins (D:1)
  4 jackals (D:1)
  5 kobolds (D:1)
  6 bats (D:1)
  2 frilled lizards (D:1)
  3 rats (D:1)
36 creatures vanquished.

Notes
Turn   | Place    | Note
-------+----------+-------------------------------------------
     0 | D:1      | vishdafish the Demonspawn Necromancer began the quest for the Orb.
     0 | D:1      | Reached XP level 1. HP: 13/13 MP: 3/3
   326 | D:1      | Gained mutation: You are partially covered in icy blue scales. (AC +2) [demonic ancestry]
   326 | D:1      | Reached XP level 2. HP: 19/19 MP: 3/5
   800 | D:1      | Reached skill level 5 in Necromancy
   818 | D:1      | Gained mutation: You have sharp toenails. [demonic ancestry]
   818 | D:1      | Reached XP level 3. HP: 24/24 MP: 6/6
  1478 | D:2      | HP: 1/25 [poisoned by an adder]
  1480 | D:2      | Gained mutation: A weak demonic guardian rushes to your aid. [demonic ancestry]
  1480 | D:2      | Reached XP level 4. HP: 2/31 MP: 0/8
  1480 | D:2      | Succumbed to an adder's poison

Vault maps used:
D:1:      saegor_arrival_simple_c, minmay_vboxes
D:2:      lemuel_doored_altar, first_bread

Skill      XL: |  1  2 |
---------------+-------+-----
Necromancy     | 5 |  5.0
Fighting       | |  0.8
Short Blades   | |  0.6
Polearms       | |  0.6
Dodging        | |  1.9
Stealth        | |  1.9
Spellcasting   | |  2.6

Action                   |  1- 3 |  4- 6 || total
-------------------------+-------+-------++-------
Melee: Unarmed           |     5 |       ||     5
       Short sword       |    36 |       ||    36
       Spear             |    35 |       ||    35
       Kick              |     5 |       ||     5
 Cast: Pain              |    35 |     1 ||    36
  Use: Scroll            |     1 |       ||     1
       Potion            |     1 |       ||     1
 Stab: Sleeping          |     2 |       ||     2
  Eat: Chunk             |     2 |       ||     2
Armor: Robe              |    64 |       ||    64
Dodge: Dodged            |   102 |       ||   102

Table legend:
 A = Spawn XP
 B = Non-spawn XP
 C = Spawn XP percentage of total XP
 D = Spawn monster count
 E = Non-spawn monster count
 F = Spawn count percentage of total count
 G = Total turns spent on level
                    A         B        C        D         E        F      G
               +---------+---------+-------+---------+---------+-------+---------
         Total |       0 |      98 |   0.0 |       0 |      36 |   0.0 |  1480
               +---------+---------+-------+---------+---------+-------+---------
           D:1 |       0 |      68 |   0.0 |       0 |      33 |   0.0 |  1434
           D:2 |       0 |      30 |   0.0 |       0 |       3 |   0.0 |    46
               +---------+---------+-------+---------+---------+-------+---------
